 Dungeon Sprint DCSS version 0.17-a0-1718-g72dbe4d (webtiles) character file.

447 Kidiri the Covert (level 6, -6/28 HPs)
             Began as a Spriggan Enchanter on Aug 25, 2015.
             Was an Initiate of Dithmenos.
             Killed from afar by a ynoxinul (33 damage)
             ... with an iron shot
             ... summoned by a kobold demonologist
             ... in the Dungeon (Sprint III: "The Ten Rune Challenge").
             The game lasted 00:02:34 (331 turns).

Kidiri the Covert (Spriggan Enchanter)               Turns: 331, Time: 00:02:35

Health: -6/28      AC:  2    Str:  4    XL:     6   Next: 73%
Magic:  16/18      EV: 26    Int: 17    God:    Dithmenos [......]
Gold:   24         SH:  0    Dex: 18    Spells: 5 memorised, 9 levels left

rFire  . . .     SeeInvis +     a - +1 dagger
rCold  . . .     Clarity  .     b - +1 robe
rNeg   . . .     SustAt   .     (shield restricted)
rPois  .         Gourm    .     (helmet restricted)
rElec  .         Spirit   .     (no cloak)
rCorr  .         Warding  .     (gloves unavailable)
rMut   .         NoTele   +     (boots unavailable)
MR     +....                    (no amulet)
Stlth  ++++++....               (no ring)
                                (no ring)

@: very quick, somewhat resistant to hostile enchantments, very stealthy
A: unfitting armour, antennae 1, talons 1, see invisible, deformed body,
herbivore 3, speed 3, slow metabolism 2, spit poison 1
a: Spit Poison, Renounce Religion


You were in the Dungeon.
You worshipped Dithmenos.
Dithmenos was noncommittal.
You were not hungry.

You visited 1 branch You collected 24 gold pieces.

Inventory:

Hand weapons
 a - a +1 dagger (weapon)
Armour
 b - a +1 robe (worn)
Scrolls
 j - a scroll of blinking
 k - 2 scrolls of amnesia
 o - 3 scrolls of remove curse
 r - a scroll of recharging
Potions
 e - a potion of curing
 f - a potion of heal wounds
 g - a potion of haste
 h - 2 potions of magic
 i - a potion of berserk rage
 p - 3 potions of cure mutation
 q - 3 potions of flight
Books
 c - a book of Maledictions

   Spells                             Type                      Level
   a - Corona                         Hexes                        1
   b - Ensorcelled Hibernation        Hexes/Ice                    2
   c - Confuse                        Hexes                        3
   d - Tukima's Dance                 Hexes                        3
   e - Dazzling Spray                 Conjuration/Hexes            3
Comestibles
 d - 2 bread rations
 s - 2 royal jellies


   Skills:
 + Level 4.9 Short Blades
 * Level 9.8 Dodging
 * Level 11.0 Stealth
 * Level 8.3 Spellcasting
 + Level 2.5 Conjurations
 + Level 6.8 Hexes
 + Level 3.4 Ice Magic
 + Level 1.5 Invocations


You had 9 spell levels left.
You knew the following spells:

 Your Spells              Type           Power        Failure   Level  Hunger
a - Corona                Hex            ####...      1%          1    None
b - Ensorcelled Hibernat  Hex/Ice        ###...       1%          2    None
c - Confuse               Hex            ####....     1%          3    #......
d - Tukima's Dance        Hex            ####....     1%          3    #......
e - Dazzling Spray        Conj/Hex       ###.....     6%          3    #......


Dungeon Overview and Level Annotations

Branches:
Dungeon (1/1)

Altars:
Dithmenos
Gozag
Kikubaaqudgha
Makhleb
Nemelex Xobeh
Qazlal
Ru
Sif Muna
Vehumet
Xom
Jiyva
Lugonu


Innate Abilities, Weirdness & Mutations

You are tiny and cannot use many weapons and most armour.
You have supernaturally acute eyesight.
You are a herbivore.
You cover ground extremely quickly.
You need consume almost no food.
You have a pair of small antennae on your head.
You have sharp toenails.
Armour fits poorly on your strangely shaped body.
You can spit weak poison.


Message History

Your Stealth skill increases to level 11!
The kobold demonologist shouts!
The kobold demonologist gestures wildly while chanting.
Items here: ) : [ † a dagger; a robe; a leatherbound book; a human corpse You closely miss the ynoxinul.
The kobold demonologist completely misses you.
You barely miss the ynoxinul. The ynoxinul misses you.
Unknown command.
Casting: Dazzling Spray
Confirm with . or Enter, or press ? or * to list all spells.
Aiming: Ensorcelled Hibernation
Press: ? - help, Shift-Dir - straight line, f - kobold demonologist
Aim: a kobold demonologist, wielding a dagger and wearing a robe (chance to defeat MR: 36%)
The kobold demonologist easily resists.
The kobold demonologist hits you with a dagger.
The ynoxinul gestures at you. The iron shot hits you!
Ouch! That really hurt!
You die...

#.......#?.#..#
##.##...#..#..###+#+###+##
##.###..##+#..#..........#
###.##..###...'.⌠........#
#..##..####...#...######+#
...##..###....#.⌠.#__#...#
..##...##.....#...#__#...#
.##....#......#'###__#...#
###..##.#..%..#3@K#__#...+
# #..#####....#___#_.+...#
▓ ▓▓▓▓ ▓▓▓▓▓▓▓▓▓▓▓▓▓▓▓▓▓ {


You could see a kobold demonologist and a ynoxinul.

Vanquished Creatures
  A shadow (D)
  A spatial vortex (D)
  A water elemental (D)
  A scorpion (D)
  A jelly (D)
  A wizard (D)
  A human (D)
  2 oozes (D)
  2 rats (D)
11 creatures vanquished.

Vanquished Creatures (others)
  2 draconian scorchers (D)
  A yaktaur (D)
  3 plants (D)
6 creatures vanquished.

Grand Total: 17 creatures vanquished

Notes
Turn   | Place    | Note
--------------------------------------------------------------
     0 | D        | Kidiri the Spriggan Enchanter began the quest for the Orb.
     0 | D        | Reached XP level 1. HP: 9/9 MP: 5/5
     9 | D        | Reached skill level 5 in Stealth
    11 | D        | Reached XP level 2. HP: 13/13 MP: 5/7
    21 | D        | Learned a level 2 spell: Ensorcelled Hibernation
    65 | D        | Noticed a scorpion
    68 | D        | Killed a scorpion
    68 | D        | Reached skill level 5 in Dodging
    68 | D        | Reached skill level 7 in Stealth
    68 | D        | Reached skill level 1 in Ice Magic
    68 | D        | Reached XP level 3. HP: 16/16 MP: 8/10
    77 | D        | Learned a level 3 spell: Confuse
    81 | D        | Learned a level 3 spell: Tukima's Dance
    96 | D        | Reached skill level 5 in Spellcasting
    96 | D        | Reached skill level 5 in Hexes
    96 | D        | Reached XP level 4. HP: 21/21 MP: 7/12
   106 | D        | Learned a level 3 spell: Dazzling Spray
   123 | D        | Gained mutation: You can spit weak poison. [potion of mutation]
   123 | D        | Gained mutation: You have sharp toenails. [potion of mutation]
   123 | D        | Gained mutation: Your muscles are strong. (Str +2) [potion of mutation]
   124 | D        | Gained mutation: You have a pair of small antennae on your head. [potion of mutation]
   124 | D        | Gained mutation: Armour fits poorly on your strangely shaped body. [potion of mutation]
   124 | D        | Lost mutation: Your muscles are strong. (Str +2) [potion of mutation]
   142 | D        | Noticed a water elemental
   145 | D        | Killed a water elemental
   145 | D        | Reached skill level 8 in Stealth
   145 | D        | Reached skill level 1 in Conjurations
   154 | D        | Noticed a jelly
   155 | D        | Noticed a shadow
   157 | D        | Killed a shadow
   157 | D        | Reached skill level 9 in Stealth
   157 | D        | Reached XP level 5. HP: 24/24 MP: 13/15
   157 | D        | Reached XP level 6. HP: 28/28 MP: 14/17
   161 | D        | Killed a jelly
   161 | D        | Reached skill level 10 in Stealth
   167 | D        | Found a stormy altar of Qazlal.
   185 | D        | Found a sacrificial altar of Ru.
   185 | D        | Found a burning altar of Makhleb.
   185 | D        | Found a viscous altar of Jiyva.
   185 | D        | Found a shimmering altar of Xom.
   185 | D        | Found a shadowy altar of Dithmenos.
   185 | D        | Found a sparkling altar of Nemelex Xobeh.
   185 | D        | Found a corrupted altar of Lugonu.
   185 | D        | Found an opulent altar of Gozag.
   185 | D        | Noticed a spatial vortex
   189 | D        | Became a worshipper of Dithmenos the Shadowed
   210 | D        | Killed a spatial vortex
   210 | D        | Reached skill level 1 in Invocations
   257 | D        | Killed a white draconian scorcher
   267 | D        | Killed a white draconian scorcher
   302 | D        | Killed a yaktaur
   325 | D        | Found a radiant altar of Vehumet.
   326 | D        | Found a deep blue altar of Sif Muna.
   326 | D        | Found an ancient bone altar of Kikubaaqudgha.
   326 | D        | Noticed a wizard
   327 | D        | Killed a wizard
   327 | D        | Reached skill level 11 in Stealth
   329 | D        | Noticed a ynoxinul
   331 | D        | Killed from afar by a ynoxinul

Vault maps used:
D:        dungeon_sprint_mu

Action                   |  1- 3 |  4- 6 || total
-------------------------+-------+-------++-------
Melee: Dagger            |     7 |    17 ||    24
 Cast: Ensorcelled Hiber |     2 |     1 ||     3
       Dazzling Spray    |       |     5 ||     5
  Use: Scroll            |       |     3 ||     3
       Potion            |       |     2 ||     2
 Stab: Sleeping          |     7 |     4 ||    11
